Map: Eternal Empire LE

Players

Serral - Winner!

  • Race: Zerg Zerg
  • League: Grandmaster
  • Spawn Location: 1:00

BratOK (Brat_OK)

  • Race: Terran Terran
  • League: Master
  • Spawn Location: 7:00

Event: DreamHack SC2 Masters 2020 Fall

VOD

Have the link to the VOD?

Description

Time

  • Played on: Sept. 1, 2020, 3:22 p.m.
  • Length: 9:43

All games in this series

Show
View Real Time Build Order
Export as new Build Order

Serral Zerg - Winner!

Build Orders: Hatch First, Swarm Host 

Get SALT Encoding   

  12  0:00  Drone  
  13  0:12  Overlord  
  13  0:17  Drone  
  14  0:31  Drone x2  
  16  0:49  Hatchery  
  15  0:52  Drone  
  15  0:56  Drone  
  17  0:59  Drone  
  18  1:10  Extractor  
  17  1:16  Spawning Pool  
  16  1:20  Drone  
  16  1:24  Drone  
  18  1:28  Drone  
  19  1:39  Drone  
  20  1:51  Overlord  
  20  2:02  Queen  
  20  2:03  Queen, Zergling x2  
  20  2:04  Zergling x2  
  26  2:11  Drone x2  
  28  2:21  Drone  
  28  2:22  Drone  
  30  2:37  Hatchery  
  30  2:40  Metabolic Boost  
  29  2:45  Drone x2  
  31  2:52  Queen  
  31  2:56  Overlord  
  33  3:00  Drone  
  33  3:01  Drone  
  33  3:03  Drone  
  36  3:08  Pneumatized Carapace  
  36  3:15  Drone x3  
  36  3:18  Drone  
  40  3:22  Overlord  
  40  3:25  Drone x2  
  42  3:31  Queen  
  44  3:37  Overlord  
  44  3:41  Drone  
  44  3:43  Zergling x4  
  44  3:44  Zergling x2  
  44  3:47  Drone x2  
  50  3:49  Drone x2  
  50  3:55  Queen  
  52  4:00  Drone x3  
  52  4:01  Drone  
  58  4:07  Drone x3  
  61  4:10  Drone  
  61  4:12  Drone  
  63  4:17  Queen  
  63  4:18  Overlord  
  63  4:20  Overlord  
  63  4:22  Drone  
  66  4:27  Overlord  
  66  4:28  Lair  
  66  4:36  Queen  
  66  4:38  Extractor x2, Zergling x4  
  69  4:40  Zergling x2  
  69  4:41  Drone x3  
  69  4:43  Drone  
  69  4:44  Drone  
  74  4:48  Drone  
  74  4:49  Drone  
  74  4:50  Drone x3  
  74  4:51  Drone  
  80  4:53  Overlord  
  80  4:55  Zergling x2  
  81  5:00  Drone  
  81  5:01  Roach Warren  
  81  5:05  Spore Crawler  
  80  5:07  Spore Crawler  
  80  5:08  Spore Crawler  
  80  5:09  Overlord  
  80  5:11  Drone x3  
  80  5:12  Drone  
  82  5:17  Drone x3, Extractor x2  
  85  5:22  Overlord  
  85  5:23  Drone x3  
  85  5:24  Extractor  
  89  5:28  Drone x3  
  89  5:29  Evolution Chamber  
  89  5:32  Spire  
  89  5:33  Overlord  
  89  5:35  Drone x2  
  91  5:40  Drone x2  
  91  5:45  Overlord  
  91  5:47  Infestation Pit  
  91  5:52  Drone x2  
  91  5:54  Glial Reconstitution, Overlord  
  91  5:56  Hatchery  
  92  5:57  Roach x2  
  92  6:01  Roach x3  
  92  6:02  Overseer  
  102  6:05  Roach x2  
  102  6:10  Overlord  
  106  6:17  Drone x5  
  109  6:18  Ravager  
  109  6:19  Ravager, Unknown  
  109  6:21  Roach  
  109  6:24  Zerg Missile Weapons Level 1  
  112  6:27  Overlord  
  112  6:29  Nydus Network  
  111  6:34  Drone x2  
  111  6:35  Drone  
  114  6:40  Overlord  
  114  6:46  Swarm Host  
  114  6:47  Swarm Host x6  
  114  6:52  Overlord  
  133  6:55  Zergling x14  
  138  7:02  Swarm Host x2  
  138  7:07  Swarm Host  
  145  7:10  Queen  
  145  7:12  Nydus Canal  
  145  7:13  Swarm Host x4  
  159  7:16  Overlord  
  159  7:18  Overlord  
  159  7:22  Overlord  
  157  7:27  Roach x4  
  158  7:38  Roach x7  
  172  7:44  Drone x2  
  172  7:45  Drone x3  
  172  7:46  Nydus Canal  
  172  7:49  Roach x2  
  176  7:59  Roach x2, Zergling x6  
  176  8:02  Nydus Canal  
  183  8:07  Overlord  
  183  8:11  Overlord x2  
  183  8:16  Spire  
  182  8:21  Nydus Canal  
  182  8:22  Ravager, Hatchery  
  182  8:30  Ravager x8  
  182  8:32  Drone x2  
  182  8:33  Drone x2  
  194  8:35  Zergling x2  
  194  8:36  Zergling x8  
  199  8:47  Overlord  
  195  8:48  Nydus Canal  
  195  8:51  Overlord  
  195  8:57  Drone, Spine Crawler x2  
  195  8:58  Drone x4  
  195  9:01  Drone  
  195  9:02  Evolution Chamber, Baneling Nest  
  197  9:08  Nydus Canal  
  191  9:12  Roach x4, Zergling x6  
  195  9:19  Roach x2, Zergling x8  
  195  9:20  Zergling x10  
  186  9:28  Nydus Canal  
Show
View Real Time Build Order
Export as new Build Order

BratOK Terran 

Build Orders: Reaper Expand, Mech 

Get SALT Encoding   

  12  0:00  SCV  
  13  0:12  SCV  
  14  0:17  Supply Depot  
  14  0:24  SCV  
  15  0:39  SCV  
  15  0:40  Barracks  
  16  0:44  Refinery  
  16  0:51  SCV  
  17  1:03  SCV  
  18  1:15  SCV  
  19  1:28  Orbital Command, Reaper  
  20  1:39  Command Center  
  20  1:46  Supply Depot  
  20  1:53  SCV  
  21  2:00  Marine  
  22  2:05  SCV  
  23  2:10  Factory  
  23  2:17  SCV, Marine  
  26  2:30  SCV  
  26  2:38  Barracks Reactor  
  26  2:42  SCV  
  26  2:43  Command Center  
  27  2:54  SCV  
  27  2:57  Orbital Command  
  28  3:03  Starport  
  28  3:06  SCV  
  28  3:12  Refinery  
  29  3:18  SCV  
  30  3:22  Hellion x2  
  30  3:23  Barracks Tech Lab  
  30  3:26  SCV  
  35  3:30  SCV  
  36  3:42  SCV  
  36  3:43  Supply Depot  
  36  3:44  SCV  
  36  3:46  Hellion x2  
  42  3:54  SCV  
  43  3:57  Orbital Command  
  43  3:58  SCV  
  43  4:02  Raven  
  46  4:06  SCV  
  46  4:08  Supply Depot  
  48  4:10  Hellion x2  
  48  4:13  SCV  
  51  4:18  SCV, Refinery  
  51  4:19  Refinery  
  53  4:24  SCV  
  53  4:25  SCV  
  53  4:30  Supply Depot  
  53  4:31  SCV  
  55  4:32  Hellion x2  
  55  4:37  Orbital Command, SCV  
  60  4:50  SCV x2  
  62  4:54  Hellion  
  62  4:55  Viking  
  62  4:57  Factory  
  66  5:00  Barracks Tech Lab  
  66  5:01  Armory, Factory  
  66  5:04  SCV  
  66  5:07  SCV x2  
  69  5:11  Supply Depot  
  69  5:16  SCV  
  69  5:19  SCV  
  71  5:23  Hellion x2  
  71  5:26  Starport Reactor  
  75  5:29  SCV x2  
  75  5:31  SCV  
  75  5:34  Supply Depot  
  78  5:45  SCV x2  
  80  5:52  Thor x2  
  80  5:55  Refinery  
  80  5:56  Hellion x2  
  97  5:58  Refinery, Supply Depot  
  97  5:59  Supply Depot  
  98  6:05  Medivac x2  
  98  6:09  SCV  
  98  6:11  Terran Vehicle Weapons Level 1  
  101  6:20  SCV x2  
  101  6:21  SCV  
  101  6:23  Supply Depot  
  101  6:25  Supply Depot  
  104  6:26  Infernal Pre-Igniter  
  104  6:27  Hellion x2  
  104  6:32  SCV x2  
  110  6:33  SCV  
  111  6:43  Siege Tank x2  
  111  6:44  SCV x2  
  111  6:46  SCV  
  120  6:49  Command Center  
  120  6:52  Hellion x2  
  124  6:57  SCV x2  
  124  6:58  SCV  
  125  7:07  Factory  
  119  7:09  Factory, SCV x2  
  119  7:11  Engineering Bay  
  119  7:13  Armory  
  121  7:16  Supply Depot  
  121  7:18  Supply Depot  
  121  7:25  Siege Tank  
  121  7:26  Hellion x2, Siege Tank  
  131  7:31  Viking  
  128  7:47  Hellion  
  128  7:48  SCV x2  
  128  7:49  SCV  
  132  7:53  Mag-Field Accelerator  
  132  7:58  Siege Tank x2  
  127  8:05  SCV x2  
  122  8:17  SCV x2  
  122  8:24  Hellion  
  122  8:25  Hellion  
  122  8:26  SCV  
  127  8:30  Siege Tank x2  
  119  8:56  SCV x2  
  119  8:59  SCV  
  119  9:02  Siege Tank  
  125  9:05  Hellion, Cyclone  
  117  9:21  Hellion  

Tags
 
Add a new tag
Caveats
  • Supply blocks, unpowered buildings, or Contaminate may cause inaccurate times.
  • Supply counts are checked every 10 seconds.